 Dungeon Crawl Stone Soup version 0.27.0-1-g7a089689b8 (webtiles) character file.

Game seed: 4177033692893719876

574 trckry the Chopper (level 7, 0/57 HPs)
             Began as a Hill Orc Abyssal Knight on Aug 8, 2021.
             Was a Priest of Lugonu.
             Slain by Pikel (6 damage)
             ... on level 5 of the Dungeon.
             The game lasted 00:09:13 (5654 turns).

trckry the Chopper (Hill Orc Abyssal Knight)        Turns: 5654, Time: 00:09:14

Health: 0/57       AC: 10    Str: 17    XL:     7   Next: 35%
Magic:  11/11      EV:  7    Int: 12    God:    Lugonu [***...]
Gold:   178        SH:  5    Dex: 10    Spells: 6/6 levels left

rFire    . . .     SeeInvis .   a - +1 hand axe (freeze)
rCold    . . .     Faith    .   (no shield)
rNeg     . . .     Spirit   .   b - +0 chain mail
rPois    .         Reflect  +   o - +0 helmet
rElec    .         Harm     .   (no cloak)
rCorr    .         Rampage  .   (no gloves)
Will     .....                  (no boots)
Stlth    ..........             f - amulet of reflection
HPRegen  0.19/turn              j - ring of flight
MPRegen  0.12/turn              (no ring)

@: flying
A: no striking features
a: Renounce Religion, Depart the Abyss, Bend Space, Banish


You were on level 5 of the Dungeon.
You worshipped Lugonu.
Lugonu was most pleased with you.
You visited 1 branch of the dungeon, and saw 6 of its levels.
You visited the Abyss 1 time.

You collected 178 gold pieces.

Inventory:

Hand Weapons
 a - a +1 hand axe of freezing (weapon)
Missiles
 l - 4 boomerangs (quivered)
Armour
 b - a +0 chain mail (worn)
 o - a +0 helmet (worn)
 t - a +0 pair of gloves
Jewellery
 f - an amulet of reflection (around neck)
 j - a ring of flight (left hand)
 r - a ring of willpower
Wands
 s - a wand of charming (9)
Scrolls
 d - 3 scrolls of enchant weapon {unknown}
 g - 5 scrolls of identify {unknown}
 h - a scroll of vulnerability {unknown}
 i - a scroll of fear {unknown}
 k - 2 scrolls of noise {unknown}
 n - a scroll of teleportation {unknown}
 p - a scroll of amnesia {unknown}
Potions
 c - 4 potions of curing {unknown}
 e - 2 potions of mutation {unknown}
 m - a potion of cancellation {unknown}
 q - a potion of heal wounds {unknown}


   Skills:
 - Level 3.6 Fighting
 * Level 7.4 Axes
 + Level 4.5 Armour
 - Level 0.7 Dodging
 + Level 5.3 Invocations
 + Level 1.2 Evocations


You had 6 spell levels left.
You didn't know any spells.
Your spell library contained the following spells:

 Spells                   Type           Power      Damage    Failure   Level
 Ozocubu's Armour         Ice            0%         N/A       100%        3
 Fireball                 Conj/Fire      0%         3d3       100%        5
 Iskenderun's Battlesphe  Conj           0%         2d6       100%        5
 Conjure Ball Lightning   Conj/Air       0%         3x3d6     100%        6
 Orb of Destruction       Conj           0%         N/A       100%        7
 Ozocubu's Refrigeration  Ice            0%         4d5       100%        7


Dungeon Overview and Level Annotations

Branches:
Dungeon (6/15)
 Temple: D:4-7

Altars:
Makhleb
Nemelex Xobeh
Uskayaw

Annotations:
D:5 Pikel


Message History

Pikel burns you.
* * * LOW HITPOINT WARNING * * *
You take 11 damage, and have 17/57 hp.
You hit Pikel but do no damage.
Pikel is heavily wounded.
Pikel hits you with a +2 whip of flaming.
* * * LOW HITPOINT WARNING * * *
Pikel burns you.
* * * LOW HITPOINT WARNING * * *
You take 3 damage, and have 14/57 hp.
You barely miss Pikel.
Pikel is heavily wounded.
Pikel hits you with a +2 whip of flaming.
* * * LOW HITPOINT WARNING * * *
Pikel burns you.
* * * LOW HITPOINT WARNING * * *
You take 2 damage, and have 12/57 hp.
You hit Pikel. You freeze Pikel.
Pikel is severely wounded.
Pikel hits you with a +2 whip of flaming!
* * * LOW HITPOINT WARNING * * *
Pikel burns you.
* * * LOW HITPOINT WARNING * * *
You take 9 damage, and have 3/57 hp.
Aiming: Charm
Press: ? - help, Shift-Dir - straight line, f - Pikel
Aim: Pikel, wielding a +2 whip of flaming and wearing a +0 robe (severely wounded, chance to affect: 50%) Pikel resists with some effort.
Pikel says, "You'll feel the lick of my whip!"
Pikel barely misses you.
A lemure comes into view.
Pikel says, "Hell isn't that bad."
Pikel checks his coin pouch and frowns.
You completely miss Pikel.
Pikel is severely wounded.
Pikel hits you but does no damage.
You barely miss Pikel.
Pikel is severely wounded.
Pikel hits you with a +2 whip of flaming.
You die...

#.#.# #....## ....
#.#.##.#.#.####......<..
....#.##.#..............
#.##.....###.##.........
#.###.#####.## ........
...##..###.######.......
##.##.#.#.............
#.##)##5#.######.'#
#..>>.))......K@.#
##..#.####.######.#
......# #.# #.# #...###
#.# #.# #...# #.# #.#
#...# #.# #.#
#...######.######.#
##................#
###############..+


You could see Pikel.

Vanquished Creatures
  A centaur (D:5)
  3 lemures (D:5)
  A scorpion (D:5)
  An orc priest (D:3)
  A hound (D:5)
  An iguana (D:4)
  2 orc wizards
  Robin (D:4)
  4 adders
  A shadow imp (D:5)
  2 white imps (D:5)
  4 adder skeletons
  A worm (D:4)
  4 dart slugs
  17 orcs
  10 ball pythons
  5 endoplasms
  A giant cockroach (D:1)
  9 hobgoblins
  7 jackals (D:1)
  4 kobolds
  3 bats
  2 frilled lizards (D:2)
  11 goblins
  6 rats
102 creatures vanquished.

Vanquished Creatures (others)
  A fungus (D:2)
  2 plants (D:2)
3 creatures vanquished.

Grand Total: 105 creatures vanquished

Notes
Turn   | Place    | Note
-------+----------+-------------------------------------------
     0 | Abyss:1  | trckry the Hill Orc Abyssal Knight began the quest for the
                  | Orb.
     0 | Abyss:1  | Reached XP level 1. HP: 19/19 MP: 2/2
     8 | D:1      | Escaped the Abyss
   247 | D:1      | Reached skill level 3 in Axes
   250 | D:1      | Reached XP level 2. HP: 17/26 MP: 4/4
   742 | D:1      | Reached XP level 3. HP: 25/31 MP: 5/5
  1037 | D:2      | Reached ** piety under Lugonu
  1070 | D:2      | Reached skill level 4 in Axes
  1731 | D:2      | Reached XP level 4. HP: 39/39 MP: 6/6
  1799 | D:2      | Found a burning altar of Makhleb.
  1844 | D:2      | Found a faded altar of an unknown god.
  2517 | D:2      | HP: 4/39 [orc (7)]
  2543 | D:2      | HP: 4/39 [orc (3)]
  2821 | D:3      | Reached skill level 5 in Axes
  2821 | D:3      | Reached XP level 5. HP: 20/45 MP: 7/7
  3127 | D:3      | Found a hide-covered altar of Uskayaw.
  3127 | D:3      | Found a sparkling altar of Nemelex Xobeh.
  3488 | D:4      | Noticed Robin
  3507 | D:4      | Killed Robin
  4153 | D:4      | Reached skill level 6 in Axes
  4153 | D:4      | Reached XP level 6. HP: 13/51 MP: 9/9
  4180 | D:4      | Noticed a sky beast
  4513 | D:5      | Entered Level 5 of the Dungeon
  4628 | D:5      | Reached *** piety under Lugonu
  4628 | D:5      | Noticed an orc warrior
  4684 | D:4      | Banished an orc warrior
  4923 | D:5      | Reached skill level 7 in Axes
  4923 | D:5      | Reached skill level 5 in Invocations
  4923 | D:5      | Reached XP level 7. HP: 36/57 MP: 10/10
  5091 | D:5      | Reached skill level 1 in Evocations
  5508 | D:5      | Noticed Pikel
  5641 | D:5      | HP: 4/57 [Pikel (8)]
  5654 | D:5      | Slain by Pikel

Illustrated notes

Levels and vault maps discovered:
D:1:      scummos_arrival_star, layout_rooms
D:2:      layout_basic, shapermc_ecumenical_altar_petra, basic_altar
D:3:      layout_loops_cross, gammafunk_temple_overflow_elements
D:4:      layout_loops_ring, nicolae_overflow_hidden_temple, uniq_robin
D:5:      layout_loops_ring, tso_altar, minivault_11, moated_statue,
          kennysheep_potato, uniq_pikel
D:6:      layout_loops_corners, mainiacjoe_overflow_chevrons,
          minmay_temple_entry_glass, corner_web_ring

Skill      XL: |  1  2  3  4  5  6  7 |
---------------+----------------------+-----
Axes           | 3 4 5 6 7 |  7.4
Invocations    | 3 4 5 |  5.3
Armour         | 3 4 |  4.5
Evocations     | 1 |  1.2
Fighting       | |  3.6
Dodging        | |  0.7

Action                   |  1- 3 |  4- 6 |  7- 9 || total
-------------------------+-------+-------+-------++-------
Melee: Hand axe          |   111 |   245 |    83 ||   439
Invok: Banish            |       |     1 |       ||     1
Evoke: Wand              |       |       |     1 ||     1
Armor: Ring mail         |     6 |       |       ||     6
       Leather armour    |     4 |       |       ||     4
       Chain mail        |    59 |   126 |    22 ||   207
Dodge: Dodged            |    50 |    77 |    21 ||   148
Block: Other             |     4 |    54 |     7 ||    65
       Reflection        |       |     2 |       ||     2
